 Dungeon Crawl Stone Soup version 0.26-a0-466-g989023bd0d (webtiles) character file.

Game seed: 838895394883677481

130 kae the Insei (level 4, -1/35 HPs)
             Began as a Demonspawn Gladiator on Aug 7, 2020.
             Slain by an ogre
             ... wielding a +0 giant club
              (4 damage)
             ... on level 3 of the Dungeon.
             The game lasted 00:01:47 (2966 turns).

kae the Insei (Demonspawn Gladiator)                Turns: 2966, Time: 00:01:48

Health: -1/35      AC:  4    Str: 15    XL:     4   Next: 90%
Magic:  4/4        EV: 12    Int:  9    God:
Gold:   172        SH:  0    Dex: 15    Spells: 3/3 levels left

rFire    . . .     SeeInvis .     - Unarmed
rCold    . . .     Faith    .   (no shield)
rNeg     . . .     Spirit   .   a - +0 leather armour
rPois    .         Reflect  .   (helmet restricted)
rElec    .         Harm     .   (no cloak)
rCorr    .                      (no gloves)
MR       .....                  e - +0 pair of boots
Stlth    +.........             (no amulet)
HPRegen  0.11/turn              (no ring)
MPRegen  0.09/turn              (no ring)

@: no status effects
A: claws 1, hooves 1, horns 1
a: no special abilities


You were on level 3 of the Dungeon.
You visited 1 branch of the dungeon, and saw 3 of its levels.

You collected 172 gold pieces.

Inventory:

Missiles
 c - 3 throwing nets (quivered)
Armour
 a - a +0 leather armour (worn)
 b - a +0 helmet
 e - a +0 pair of boots (worn)
Jewellery
 p - an uncursed ring of positive energy {unknown}
Wands
 o - a wand of random effects (10)
Scrolls
 f - 3 scrolls of remove curse {unknown}
 g - 5 scrolls of identify {unknown}
 i - a scroll of enchant weapon {unknown}
 k - 2 scrolls of enchant armour {unknown}
 m - a scroll of fear {unknown}
Potions
 d - a potion of might {unknown}
 h - a potion of invisibility {unknown}
 j - 2 potions of berserk rage {unknown}
 l - a potion of curing {unknown}
 n - a potion of brilliance {unknown}


   Skills:
 + Level 3.3 Fighting
 - Level 1.7 Throwing
 - Level 2.6 Dodging
 * Level 4.5 Unarmed Combat


You had 3 spell levels left.
You didn't know any spells.
Your spell library was empty.

Dungeon Overview and Level Annotations

Branches:
Dungeon (3/15)

Altars:
Ashenzari
Elyvilon
Okawaru
Xom
Zin


Innate Abilities, Weirdness & Mutations

You have sharp fingernails.
You have large cloven feet.
You have a pair of small horns on your head.


Message History

You see here a stone.
There is an escape hatch in the floor here.
You see here a stone.
There is a stone staircase leading down here.
You climb downwards.
The ogre misses you.
There is a stone staircase leading up here.
You claw the ogre!
The ogre is moderately wounded.
The ogre hits you with a +0 giant club!!
Ouch! That really hurt!
You scratch the ogre but do no damage.
The ogre is moderately wounded.
The ogre hits you with a +0 giant club!
* * * LOW HITPOINT WARNING * * *
You scratch the ogre but do no damage. You headbutt the ogre.
The ogre is heavily wounded.
You scratch the ogre. You headbutt the ogre.
The ogre is severely wounded.
The ogre hits you with a +0 giant club.
You die...

#... #..# #..# #..#
#..# #..# #..# #..#
#.)# #O.# ##..# #@.#
#...#
#.######..#####.#
#...#
#......)........#
#...##
######.##.#######
#..O.
#.#.....O..#####.###
#.#.................
#g#.######.#####.###
#.#.# ##...###.#
#.###.#.# #..†..##.#


You could see an ogre.

Vanquished Creatures
  A gnoll (D:1)
  5 adders (D:2)
  An ooze (D:3)
  3 worms
  A dart slug (D:1)
  A leopard gecko (D:2)
  2 ball pythons
  6 bats
  4 giant cockroaches
  7 goblins
  5 hobgoblins
  4 jackals (D:1)
  8 kobolds
  4 frilled lizards
  10 rats
62 creatures vanquished.

Vanquished Creatures (others)
  A quokka (D:3)
1 creature vanquished.

Grand Total: 63 creatures vanquished

Notes
Turn   | Place    | Note
-------+----------+-------------------------------------------
     0 | D:1      | kae the Demonspawn Gladiator began the quest for the Orb.
     0 | D:1      | Reached XP level 1. HP: 16/16 MP: 1/1
   188 | D:1      | Reached skill level 3 in Unarmed Combat
   227 | D:1      | Gained mutation: You have a pair of small horns on your
                  | head. [demonic ancestry]
   227 | D:1      | Reached XP level 2. HP: 22/22 MP: 2/2
   743 | D:1      | Gained mutation: You have sharp fingernails. [demonic
                  | ancestry]
   743 | D:1      | Reached XP level 3. HP: 25/28 MP: 3/3
   800 | D:1      | Found a shattered altar of Ashenzari.
  1184 | D:2      | Found a shimmering altar of Xom.
  1188 | D:2      | Noticed an angel
  1189 | D:2      | Found a glowing silver altar of Zin.
  1383 | D:2      | Reached skill level 4 in Unarmed Combat
  1383 | D:2      | Gained mutation: You have large cloven feet. [demonic
                  | ancestry]
  1383 | D:2      | Reached XP level 4. HP: 33/34 MP: 4/4
  2115 | D:2      | Found an iron altar of Okawaru.
  2460 | D:3      | Noticed an ogre
  2816 | D:3      | Found a white marble altar of Elyvilon.
  2966 | D:3      | Slain by an ogre

Illustrated notes

Levels and vault maps discovered:
D:1:      lightli_arrival_windingriver, layout_loops_corners,
          nicolae_ashenzari_panopticon
D:2:      layout_loops_ring, grunt_temple_overflow_order_and_chaos_1,
          nicolae_overflow_hidden_temple, corexii_corridor_pit
D:3:      layout_loops_ring, elyvilon_altar_4

Skill      XL: |  1  2  3  4 |
---------------+-------------+-----
Unarmed Combat | 3 4 |  4.5
Fighting       | 3 |  3.3
Throwing       | |  1.7
Dodging        | |  2.6

Action                   |  1- 3 |  4- 6 || total
-------------------------+-------+-------++-------
Melee: Unarmed           |   114 |    80 ||   194
       Punch             |     3 |     2 ||     5
       Headbutt          |    18 |    16 ||    34
 Stab: Sleeping          |     1 |       ||     1
Armor: Leather armour    |    27 |    13 ||    40
Dodge: Dodged            |    64 |    41 ||   105

Table legend: (Time is in decaauts)
 A = Elapsed time spent in this place.
 B = Non-inter-level travel time spent in this place.
 C = Inter-level travel time spent in this place.
 D = Time resting spent in this place.
 E = Time spent auto-exploring this place.
 F = Levels seen in this place.
 G = Mean time per level.
                   A        B        C        D        E       F      G
               +--------+--------+--------+--------+--------+-----+--------+
         Total |   2955 |   2840 |    115 |    476 |   1913 |   3 |  985.0 |
       Dungeon |   2955 |   2840 |    115 |    476 |   1913 |   3 |  985.0 |
               +--------+--------+--------+--------+--------+-----+--------+

Top non-repeatable levels by time:
     D:2: 1537 daAuts
     D:1: 1077 daAuts
     D:3: 340 daAuts
